 Dungeon Crawl Stone Soup version 0.30.1 (webtiles) character file.

Game seed: 262938530097532344

1719 Karasuuu the Arsonist (level 8, 0/41 HPs)
             Began as a Deep Elf Fire Elementalist on July 2, 2023.
             Slain by a killer bee (3 damage)
             ... on level 7 of the Dungeon.
             The game lasted 00:33:45 (6918 turns).

Karasuuu the Arsonist (Deep Elf Fire Elementalist)  Turns: 6918, Time: 00:33:45

Health: 0/41       AC: 15    Str:  5    XL:     8   Next: 75%
Magic:  2/19       EV: 12    Int: 23    God:
Gold:   378        SH:  0    Dex: 15    Spells: 15/22 levels left

rFire   . . .        q - +3 great sword (freeze)
rCold   . . .        (shield currently unavailable)
rNeg    . . .        a - +0 robe
rPois   .            (no helmet)
rElec   .            i - +1 cloak
rCorr   .            r - +1 pair of gloves
SInv    .            t - +0 pair of boots
Will    .....        (no amulet)
Stlth   ++           j - +4 ring of protection
HPRegen 0.26/turn    z - +4 ring of protection
MPRegen 0.16/turn

%: clarity
@: hasted, very quick
A: clarity, low MP 1, inability to read after injury 1
a: no special abilities


You were on level 7 of the Dungeon.
You visited 1 branch of the dungeon, and saw 7 of its levels.

You collected 378 gold pieces.

Inventory:

Hand Weapons
 m - a +1 dagger of distortion
 q - a +3 great sword of freezing (weapon)
Armour
 a - a +0 robe (worn)
 i - a +1 cloak (worn)
 r - a +1 pair of gloves (worn)
 t - a +0 pair of boots (worn)
 B - the +2 buckler "Regiqac" {Harm}
   (You found it on level 4 of the Dungeon)

   Harm:      It increases damage dealt and taken.
Magical Staves
 v - a staff of cold
 E - a staff of air
Jewellery
 j - a +4 ring of protection (left hand)
 z - a +4 ring of protection (right hand)
Wands
 A - a wand of paralysis (6)
 G - a wand of flame (13)
 J - a wand of polymorph (13)
Scrolls
 e - a scroll of amnesia {unknown}
 f - a scroll of enchant armour {unknown}
 g - 2 scrolls of torment {unknown}
 h - a scroll of poison
 k - 2 scrolls of magic mapping {unknown}
 l - a scroll of fear {unknown}
 n - a scroll of brand weapon {unknown}
 o - a scroll of vulnerability {unknown}
 s - 2 scrolls of blinking {unknown}
 x - a scroll of summoning {unknown}
 y - a scroll of silence {unknown}
 C - a scroll of enchant weapon {unknown}
 H - a scroll of acquirement {unknown}
Potions
 b - 3 potions of magic
 c - a potion of invisibility
 d - 3 potions of lignification
 p - a potion of curing
 u - a potion of might
 w - 2 potions of attraction
 I - a potion of resistance


   Skills:
 - Level 2.4 Dodging
 - Level 2.4 Stealth
 + Level 7.9 Spellcasting
 + Level 6.0 Conjurations
 * Level 9.4 Fire Magic


You had 15 spell levels left.
You knew the following spells:

 Your Spells              Type           Power      Damage    Failure   Level
a - Foxfire               Conj/Fire      100%       2x1d9     1%          1
b - Scorch                Fire           100%       2d9       1%          2
c - Flame Wave            Conj/Fire      44%        2d11      3%          4

Your spell library contained the following spells:

 Spells                   Type           Power      Damage    Failure   Level
 Shock                    Conj/Air       92%        1d8       1%          1
 Inner Flame              Hex/Fire       30%        N/A       3%          3
 Volatile Blastmotes      Fire/Tloc      60%        2d15      3%          3
 Beastly Appendage        Tmut           18%        N/A       7%          1
 Cigotuvi's Dreadful Rot  Necr/Pois/Air  18%        N/A       11%         2
 Wereblood                Tmut           9%         N/A       11%         2
 Portal Projectile        Hex/Tloc       18%        N/A       22%         3
 Spider Form              Tmut/Pois      9%         N/A       22%         3
 Swiftness                Air            9%         N/A       22%         3
 Tukima's Dance           Hex            9%         N/A       22%         3
 Airstrike                Air            4%         2d(1-17)  56%         4
 Dispel Undead            Necr           9%         3d8       56%         4
 Blade Hands              Tmut           4%         N/A       89%         5
 Death Channel            Necr           4%         N/A       100%        6


Dungeon Overview and Level Annotations

Branches:
Dungeon (7/15)
 Temple: D:4-7

Altars:
Zin

Annotations:
D:2 1 runed translucent door, Crazy Yiuf


Innate Abilities, Weirdness & Mutations

You possess an exceptional clarity of mind.
Your magical capacity is low. (-10% MP)
You occasionally lose the ability to read scrolls when taking damage.


Message History

The killer bee poisons you! The killer bee barely misses you.
Casting: Scorch (safe; 1% risk of failure)
Confirm with . or Enter, or press ? or * to list all spells.
Flames lash the killer bee.
The killer bee is almost dead.
The killer bee's fire resistance burns away.
You feel sick. The killer bee stings you.
You are more poisoned.
The killer bee poisons you! The killer bee closely misses you.
Casting: Scorch (safe; 1% risk of failure)
Confirm with . or Enter, or press ? or * to list all spells.
Flames lash the killer bee.
The killer bee is severely wounded.
The killer bee's fire resistance burns away.
You feel very sick. The killer bee stings you. x2
Your foxfire dissipates!
You feel very sick. The killer bee stings you!
You feel threatened and lose the ability to read scrolls!
* * * LOW HITPOINT WARNING * * *
You feel better. The killer bee barely misses you. The killer bee stings you.
* * * LOW HITPOINT WARNING * * *
You are poisoned.
The killer bee poisons you!
You feel yourself speed up.
You feel sick.
The killer bee is no longer more vulnerable to fire.
The killer bee closely misses you.
The killer bee stings you but does no damage.
The killer bee attacks as you move away!
The killer bee misses you.
You feel sick.
You feel sick.
The killer bee stings you but does no damage.
The killer bee is no longer more vulnerable to fire. x2
You can read scrolls again.
You feel sick.
You feel sick.
You are no longer poisoned.
The killer bee stings you.
You die...

.... ##.# .....
##..#
......####...##
......y.......#
......####.y.###
..... ##....##
.... ##.y...##
... #..y....# #+
#..@....#
#.......#
##.....##
##...##
#.#.#####.##
.......<..#
#.#.#######


You could see 3 killer bees.

Vanquished Creatures
  2 water moccasins
  A sky beast (D:6)
  An orc warrior (D:5)
  3 ogres
  A kobold brigand (D:6)
  A bullfrog (D:6)
  2 scorpions
  5 wights (D:6)
  2 killer bees (D:7)
  A hound (D:6)
  A jelly (D:3)
  3 iguanas
  6 orc wizards
  7 adders
  A white imp (D:6)
  2 ufetubi
  2 dart slugs
  17 orcs
  A bat (D:1)
  5 endoplasms
  5 giant cockroaches
  8 goblins
  14 hobgoblins
  2 jackals (D:5)
  4 quokkas
  3 ball pythons
  3 frilled lizards (D:2)
  11 kobolds
  4 rats
118 creatures vanquished.

Vanquished Creatures (collateral kills)
  A foxfire (D:3)
1 creature vanquished.

Vanquished Creatures (others)
  336 foxfires
336 creatures vanquished.

Grand Total: 455 creatures vanquished

Notes
Turn   | Place    | Note
-------+----------+-------------------------------------------
     0 | D:1      | Karasuuu the Deep Elf Fire Elementalist began the quest for
                  | the Orb.
     0 | D:1      | Reached XP level 1. HP: 10/10 MP: 6/6
   290 | D:1      | Reached XP level 2. HP: 15/15 MP: 6/8
   972 | D:2      | Reached skill level 4 in Fire Magic
  1106 | D:2      | Reached XP level 3. HP: 19/19 MP: 2/10
  1492 | D:2      | Found a runed translucent door.
  1493 | D:2      | Noticed Crazy Yiuf
  1727 | D:3      | Learned a level 2 spell: Scorch
  2140 | D:3      | Reached XP level 4. HP: 24/24 MP: 8/12
  2145 | D:3      | Learned a level 4 spell: Flame Wave
  2279 | D:3      | Reached skill level 5 in Fire Magic
  2885 | D:4      | Reached XP level 5. HP: 28/28 MP: 6/13
  2894 | D:4      | Identified the +2 buckler "Regiqac" {Harm}
  3987 | D:5      | Entered Level 5 of the Dungeon
  3987 | D:5      | Noticed an ogre
  3992 | D:5      | Killed an ogre
  3993 | D:5      | Reached skill level 5 in Spellcasting
  3993 | D:5      | Reached skill level 6 in Fire Magic
  3993 | D:5      | Reached XP level 6. HP: 32/32 MP: 8/15
  4092 | D:5      | Noticed a water moccasin
  4099 | D:5      | Killed a water moccasin
  4354 | D:5      | Reached XP level 7. HP: 36/36 MP: 7/17
  4668 | D:5      | Reached skill level 7 in Fire Magic
  5158 | D:5      | Gained mutation: You passively map a small area around you.
                  | [potion of mutation]
  5158 | D:5      | Gained mutation: Your flesh is cold resistant. (rC+)
                  | [potion of mutation]
  5159 | D:5      | Lost mutation: You passively map a small area around you.
                  | [potion of mutation]
  5159 | D:5      | Lost mutation: Your flesh is cold resistant. (rC+) [potion
                  | of mutation]
  5159 | D:5      | Gained mutation: Your magical capacity is low. (-10% MP)
                  | [potion of mutation]
  5159 | D:5      | Gained mutation: You occasionally lose the ability to read
                  | scrolls when taking damage. [potion of mutation]
  5159 | D:5      | Gained mutation: You possess an exceptional clarity of
                  | mind. [potion of mutation]
  5696 | D:6      | Reached skill level 5 in Conjurations
  5696 | D:6      | Reached skill level 8 in Fire Magic
  5696 | D:6      | Reached XP level 8. HP: 41/41 MP: 8/18
  6196 | D:6      | Reached skill level 9 in Fire Magic
  6712 | D:6      | Found a glowing silver altar of Zin.
  6918 | D:7      | Slain by a killer bee

Illustrated notes

Levels and vault maps discovered:
D:1:      eino_arrival_druids_welcome, layout_loops_ring
D:2:      layout_loops_ring, minmay_misc_feat_five, uniq_crazy_yiuf_cottage
D:3:      corexii_shack_village, layout_loops_cross
D:4:      layout_basic, gup_sewer_entry_glass
D:5:      layout_loops_corners
D:6:      layout_basic, zin_scriptorium
D:7:      layout_loops_corners, minmay_temple_entry_tees,
          ebering_ghost_reflecting_pool, enter_bailey_6, grunt_ministairs_3,
          kennysheep_opposing_triangles, uniq_menkaure

Skill      XL: |  1  2  3  4  5  6  7  8 |
---------------+-------------------------+-----
Fire Magic     | 4 5 6 8 9 |  9.4
Conjurations   | 2 3 4 5 6 |  6.0
Spellcasting   | 4 5 6 7 |  7.9
Dodging        | |  2.4
Stealth        | |  2.4

Action                     |  1- 3 |  4- 6 |  7- 9 || total
---------------------------+-------+-------+-------++-------
  Melee: Unarmed           |     3 |       |       ||     3
         Dagger            |       |       |     2 ||     2
         Punch             |       |       |     1 ||     1
   Cast: Foxfire           |    66 |    80 |    82 ||   228
         Scorch            |    12 |    22 |    32 ||    66
         Flame Wave        |       |       |     4 ||     4
    Use: Scroll            |     4 |     1 |     6 ||    11
         Potion            |       |       |     5 ||     5
 Armour: Robe              |     9 |    12 |    15 ||    36
  Dodge: Dodged            |    25 |    12 |    31 ||    68
